 Dungeon Crawl Stone Soup version 0.17-a0-802-g1f09329 (webtiles) character file.

2251 Lokkij the Geomancer (level 9, -15/45 HPs)
             Began as a Gargoyle Earth Elementalist on Apr 26, 2015.
             Was a Believer of Kikubaaqudgha.
             Demolished by an orc warrior
             ... wielding a +0 scimitar
              (17 damage)
             ... on level 6 of the Dungeon.
             The game lasted 00:35:37 (9732 turns).

Lokkij the Geomancer (Gargoyle Earth Elementalist)  Turns: 9732, Time: 00:35:38

Health: -15/45     AC: 15    Str: 16    XL:     9   Next: 37%
Magic:  3/19       EV: 17    Int: 19    God:    Kikubaaqudgha [**....]
Gold:   243        SH:  0    Dex: 15    Spells: 3 memorised, 11 levels left

rFire  . . .     SeeInvis +     I - +6 broad axe of Hoeguaso {freeze, rPois Str+4 SInv}
rCold  . . .     Clarity  .     b - +0 robe
rNeg   + . .     SustAb   .     (no shield)
rPois  ∞         Gourm    +     e - +0 helmet
rElec  +         Spirit   .     (no cloak)
rCorr  .         Warding  .     o - +2 pair of gloves
rMut   .         Stasis   .     (no boots)
MR     .....                    D - amulet of the gourmand
Stlth  ++++......               (no ring)
                                E - ring of stealth

@: agile, stone skin, very slightly contaminated, not resistant to hostile
enchantments, stealthy
A: negative energy resistance 1, electricity resistance, unbreathing,
petrification resistance, rot immunity, AC +5
a: Receive Corpses, Renounce Religion


You were on level 6 of the Dungeon.
You worshipped Kikubaaqudgha.
Kikubaaqudgha was pleased with you.
You were not hungry.

You visited 1 branch of the dungeon, and saw 6 of its levels.
You also visited: Sewer.

You collected 477 gold pieces.
You spent 234 gold pieces at shops.

Inventory:

Hand weapons
 z - a +1 spear of pain
 I - the +6 broad axe of Hoeguaso (weapon) {freeze, rPois Str+4 SInv}
   (You bought it in a shop on level 4 of the Dungeon)

   It has been specially enchanted to freeze those struck by it, causing extra
   injury to most foes and up to half again as much damage against particularly
   susceptible opponents.
   It can also slow down cold-blooded creatures.
   It affects your strength (+4).
   It protects you from poison.
   It enhances your eyesight.
 J - a +2 quarterstaff of crushing
Armour
 b - a +0 robe (worn)
 e - a +0 helmet (worn)
 o - a +2 pair of gloves (worn)
Magical staves
 v - an uncursed staff of cold
Jewellery
 h - an uncursed ring of fire
 D - an amulet of the gourmand (around neck)
 E - a ring of stealth (left hand)
 Q - an uncursed amulet of resist mutation
Magical devices
 m - a wand of disintegration (11)
 y - a wand of teleportation (3)
Scrolls
 a - a scroll of remove curse
 f - 6 scrolls of recharging {unknown}
 n - a scroll of noise {unknown}
 q - 5 scrolls of identify
 r - 2 scrolls of enchant weapon
 C - 3 scrolls of teleportation
 F - 2 scrolls of amnesia
 G - a scroll of fear {unknown}
 K - a scroll of fog
 O - a scroll of blinking {unknown}
Potions
 g - a potion of agility
 i - a potion of restore abilities {unknown}
 k - a potion of heal wounds {unknown}
 l - a potion of cancellation {unknown}
 p - a potion of resistance {unknown}
 t - a potion of poison
 x - a potion of mutation {unknown}
 A - 2 potions of curing
 L - 3 potions of flight
 M - a potion of berserk rage {unknown}
Books
 c - a book of Geomancy

   Spells                             Type                      Level
   a - Sandblast                      Earth                        1
   b - Stoneskin                      Transmutation/Earth          2
   c - Passwall                       Transmutation/Earth          3
   d - Stone Arrow                    Conjuration/Earth            3
   e - Petrify                        Transmutation/Earth          4
   f - Lee's Rapid Deconstruction     Earth                        5
 j - a Young Poisoner's Handbook

   Spells                             Type                      Level
   a - Sting                          Conjuration/Poison           1
   b - Cure Poison                    Poison                       2
   c - Mephitic Cloud                 Conjuration/Poison/Air       3
   d - Olgreb's Toxic Radiance        Poison                       4
   e - Venom Bolt                     Conjuration/Poison           5
 w - Kikubaaqudgha's Compendium of Dark Secrets
   (Kikubaaqudgha gifted it to you in a sewer)

   Spells                             Type                      Level
   a - Animate Skeleton               Necromancy                   1
   b - Pain                           Necromancy                   1
   c - Corpse Rot                     Necromancy                   2
   d - Vampiric Draining              Necromancy                   3
   e - Control Undead                 Necromancy                   4
Comestibles
 d - 2 bread rations
 u - 3 chunks of flesh
 B - 5 fruits
 H - a meat ration
 P - a beef jerky


   Skills:
 - Level 1.0 Axes
 - Level 1.5 Dodging
 - Level 2.1 Stealth
 + Level 6.6 Spellcasting
 + Level 1.9 Necromancy
 - Level 0.7 Transmutations
 * Level 11.7 Earth Magic


You had 11 spell levels left.
You knew the following spells:

 Your Spells              Type           Power        Failure   Level  Hunger
a - Lee's Rapid Deconstr  Erth           ######....   2%          5    #####..
b - Stone Arrow           Conj/Erth      ####..       2%          3    ##.....
c - Stoneskin             Trmt/Erth      ####....     1%          2    None


Dungeon Overview and Level Annotations

Branches:
Dungeon (6/15)             Temple (0/1) D:5

Altars:
Dithmenos
Fedhas
Gozag
Kikubaaqudgha
Qazlal
Trog

Shops:
D:4 (


Innate Abilities, Weirdness & Mutations

You are resistant to torment.
Your stone body is resilient (AC +5).
You are immune to poison.
You resist negative energy.
You are resistant to electric shocks.
You can survive without breathing.
You are immune to petrification.
You are immune to rotting.


Message History

You feel agile all of a sudden.
Casting: Stone Arrow
Confirm with . or Enter, or press ? or * to list all spells.
Your skin hardens.
The orc warrior hits you with a scimitar!!
* * * LOW HITPOINT WARNING * * *
Read which item? (? for menu, Esc to quit)
Okay, then.
Okay, then.
Read which item? (? for menu, Esc to quit)
As you read the scroll labeled TEOZUOHATZ, it crumbles to dust.
You experience a momentary feeling of inescapable doom!
It was a scroll of random uselessness.
The orc warrior hits you with a scimitar.
* * * LOW HITPOINT WARNING * * *
Drink which item? (? for menu, Esc to quit)
It was a potion of poison.
You feel slightly nauseous.
The orc warrior hits you with a scimitar!
You die...
Kikubaaqudgha rasps: "You have failed me!
Welcome... oblivion!"

########..........#.#...#
#########'#.......+.#../#
......+...##+##...#'#...#
......#....'..#.........#
......#....#<.'.........#
#########.#####.........#
#####'###############
+...........##
##.###.###.o@# #
##'####### +..÷...#
####+##)##'##
.......)†....#
.........)..#
...../......#
+######'..).# ..'...'.


You could see an orc warrior.

Vanquished Creatures
  The ghost of namelastname112 the Twirler, an average DrGl (D:4)
  A phantom (D:4)
  A black bear (D:6)
  A sky beast (D:5)
  An orc warrior (D:6)
  2 ogres
  Blork the orc (D:5)
  A gnoll sergeant (D:5)
  2 scorpions
  A giant frog zombie (D:5)
  A hound (D:6)
  A jelly (D:5)
  3 orc wizards
  3 gnoll shamans (D:3)
  An iguana (D:6)
  3 orc priests
  6 worker ants
  Robin (D:2)
  10 adders
  40 gnolls
  A river rat (D:5)
  2 shadow imps
  4 oozes
  9 worms
  28 orcs
  16 bats
  A bat skeleton (D:4)
  8 giant cockroaches
  29 goblins
  14 hobgoblins
  2 quokkas (D:2)
  7 ball pythons
  3 giant geckos
  2 giant gecko zombies
  5 giant newts
  27 jackals
  A jackal zombie (D:6)
  15 kobolds
  14 rats
269 creatures vanquished.

Notes
Turn   | Place    | Note
--------------------------------------------------------------
     0 | D:1      | Lokkij, the Gargoyle Earth Elementalist, began the quest for the Orb.
     0 | D:1      | Reached XP level 1. HP: 10/10 MP: 3/3
   188 | D:1      | Reached skill level 4 in Earth Magic
   377 | D:1      | Reached XP level 2. HP: 15/15 MP: 5/5
  1203 | D:1      | Reached XP level 3. HP: 19/19 MP: 4/6
  1235 | D:1      | Learned a level 3 spell: Stone Arrow
  1294 | D:2      | Learned a level 2 spell: Stoneskin
  1638 | D:2      | Reached skill level 5 in Earth Magic
  1749 | D:2      | Reached XP level 4. HP: 16/24 MP: 6/8
  1985 | D:2      | Noticed Robin
  2041 | D:2      | Killed Robin
  2554 | D:3      | Found a stormy altar of Qazlal.
  2778 | D:2      | Reached XP level 5. HP: 4/28 MP: 5/9
  3058 | D:3      | Reached skill level 6 in Earth Magic
  3251 | D:3      | Learned a level 5 spell: Lee's Rapid Deconstruction
  3676 | D:3      | Reached XP level 6. HP: 8/32 MP: 11/11
  4190 | D:3      | Reached skill level 7 in Earth Magic
  4199 | D:3      | Noticed an ogre
  4646 | D:3      | Reached XP level 7. HP: 36/36 MP: 1/13
  4775 | D:3      | Reached skill level 8 in Earth Magic
  5539 | D:3      | Found a blossoming altar of Fedhas.
  5743 | D:3      | Killed an ogre
  5986 | D:4      | Reached skill level 9 in Earth Magic
  6002 | D:4      | Noticed namelastname112's ghost (average DrGl)
  6305 | D:4      | Reached skill level 5 in Spellcasting
  6309 | D:4      | Reached XP level 8. HP: 41/41 MP: 4/15
  6795 | D:4      | Killed namelastname112's ghost
  6795 | D:4      | Reached skill level 10 in Earth Magic
  7005 | D:4      | Found an ancient bone altar of Kikubaaqudgha.
  7012 | D:4      | Became a worshipper of Kikubaaqudgha
  7285 | D:4      | Found a shadowy altar of Dithmenos.
  7303 | D:4      | Found a bloodstained altar of Trog.
  7367 | D:4      | Found Gaud's Antique Weapon Shoppe.
  7379 | D:4      | Bought a polished broad axe for 162 gold pieces
  7379 | D:4      | Bought a runed quarterstaff for 72 gold pieces
  7379 | D:4      | Identified the +6 broad axe of Hoeguaso {freeze, rPois Str+4 SInv} (You bought it in a shop on level 4 of the Dungeon)
  7496 | D:5      | Entered Level 5 of the Dungeon
  7937 | D:5      | Found a glowing drain.
  7996 | Sewer    | Entered a sewer
  8004 | Sewer    | Acquired Kikubaaqudgha's first power
  8004 | Sewer    | Received a gift from Kikubaaqudgha
  8011 | Sewer    | Identified Kikubaaqudgha's Compendium of Dark Secrets (Kikubaaqudgha gifted it to you in a sewer)
  8052 | Sewer    | Reached skill level 11 in Earth Magic
  8427 | Sewer    | Reached skill level 1 in Axes
  8481 | D:5      | Noticed Blork the orc
  8488 | D:5      | Killed Blork the orc
  8488 | D:5      | Reached XP level 9. HP: 39/45 MP: 7/18
  8917 | D:5      | Found a staircase to the Ecumenical Temple.
  8923 | D:5      | Reached skill level 1 in Necromancy
  8967 | D:5      | Acquired Kikubaaqudgha's second power
  9013 | D:5      | Found an opulent altar of Gozag.
  9731 | D:6      | HP: 2/45 [orc warrior/scimitar (3)]
  9732 | D:6      | Demolished by an orc warrior

Action                   |  1- 3 |  4- 6 |  7- 9 || total
-------------------------+-------+-------+-------++-------
Melee: Hand axe          |   108 |       |       ||   108
       Spear             |    11 |   275 |   187 ||   473
       Broad axe         |       |       |   158 ||   158
 Cast: Sandblast         |    20 |       |       ||    20
       Stoneskin         |     1 |    10 |     7 ||    18
       Stone Arrow       |     1 |    16 |    31 ||    48
       Lee's Rapid Decon |       |     6 |    22 ||    28
  Use: Scroll            |     1 |     2 |     4 ||     7
       Potion            |       |     3 |     9 ||    12
 Stab: Sleeping          |     2 |     4 |     3 ||     9
       Distracted        |     1 |       |       ||     1
  Eat: Chunk             |     3 |     9 |    27 ||    39
       Meat ration       |       |     1 |       ||     1
       Fruit             |       |       |     2 ||     2
